 Dungeon Crawl Stone Soup version 0.26.0-3-g156281e41b (webtiles) character file.

Game seed: 10601903346864520401

179 Descartes the Skirmisher (level 5, -3/43 HPs)
             Began as a Formicid Abyssal Knight on Jan 9, 2021.
             Was a Believer of Lugonu.
             Slain by a leopard gecko (4 damage)
             ... on level 4 of the Dungeon.
             The game lasted 00:07:04 (4001 turns).

Descartes the Skirmisher (Formicid Abyssal Knight)  Turns: 4001, Time: 00:07:05

Health: -3/43      AC:  3    Str: 17    XL:     5   Next: 90%
Magic:  7/7        EV: 12    Int: 12    God:    Lugonu [**....]
Gold:   183        SH:  0    Dex: 10    Spells: 3/4 levels left

rFire    + . .     SeeInvis +   a - +1 spear
rCold    . . .     Faith    .   (no shield)
rNeg     . . .     Spirit   .   b - +0 leather armour
rPois    .         Reflect  .   (helmet unavailable)
rElec    .         Harm     .   (no cloak)
rCorr    .         Rampage  .   (no gloves)
Will     .....                  (no boots)
Stlth    ++........             (no amulet)
HPRegen  0.14/turn              e - ring of protection from fire
MPRegen  0.10/turn              f - ring of stealth

@: no status effects
A: permanent stasis, dig shafts and tunnels, four strong arms, antennae 3
a: Dig, Shaft Self, Renounce Religion, Depart the Abyss, Bend Space


You were on level 4 of the Dungeon.
You worshipped Lugonu.
Lugonu was pleased with you.
You visited 1 branch of the dungeon, and saw 4 of its levels.
You visited the Abyss 1 time.

You collected 183 gold pieces.

Inventory:

Hand Weapons
 a - a +1 spear (weapon)
 i - a +2 dagger of draining
Missiles
 g - 78 arrows
 h - 96 stones
 k - 45 sling bullets
 t - 5 boomerangs
Armour
 b - a +0 leather armour (worn)
Jewellery
 e - a ring of protection from fire (left hand)
 f - a ring of stealth (right hand)
Scrolls
 c - a scroll of immolation {unknown}
 d - a scroll of fear {unknown}
 j - 2 scrolls of remove curse {unknown}
 l - a scroll of magic mapping {unknown}
 p - a scroll of teleportation {unknown}
 q - 4 scrolls of identify {unknown}
 s - a scroll of fog {unknown}
 u - a scroll of enchant weapon {unknown}
Potions
 m - a potion of degeneration {unknown}
 n - a potion of attraction {unknown}
 r - a potion of brilliance {unknown}
 v - a potion of heal wounds {unknown}


   Skills:
 + Level 4.3 Fighting
 - Level 2.0 Polearms
 + Level 3.5 Armour
 + Level 2.3 Dodging
 + Level 3.8 Invocations


You had 3 spell levels left.
You knew the following spells:

 Your Spells              Type           Power        Failure   Level
a - Magic Dart            Conj           0%           36%         1

Your spell library contained the following spells:

 Spells                   Type           Power        Failure   Level
 Call Imp                 Summ           0%           52%         2
 Slow                     Hex            0%           52%         2
 Conjure Flame            Conj/Fire      0%           75%         3
 Mephitic Cloud           Conj/Pois/Air  0%           75%         3
 Blink                    Tloc           Unusable     N/A         2

Dungeon Overview and Level Annotations

Branches:
Dungeon (4/15)
 Temple: D:4-7

Altars:
Dithmenos
Okawaru
Qazlal
Trog

Annotations:
D:4 Menkaure


Innate Abilities, Weirdness & Mutations

You cannot be hasted, slowed, berserked, paralysed or teleported.
You can dig through walls and to a lower floor.
Your four strong arms can wield two-handed weapons with a shield.
You have a pair of large antennae on your head. (SInv)


Message History

Beogh smites you! The leopard gecko misses you.
The orc hits you with a +0 hand axe.
You closely miss the orc.
The orc is almost dead.
The orc hits you with a +0 dagger.
The leopard gecko bites you but does no damage.
You hit the orc.
You kill the orc!
Lugonu accepts your kill. The orc hits you but does no damage.
An orc comes into view. It is wielding a +0 hand axe.
The orc priest mumbles some strange prayers to Beogh against you.
Beogh smites you!
* * * LOW HITPOINT WARNING * * *
The leopard gecko misses you. The orc hits you with a +0 dagger.
* * * LOW HITPOINT WARNING * * *
Menkaure, Prince of Dust comes into view.
The leopard gecko bites you.
You die...

{ #....#
##....#
.....#
M....#
#...#
#oT.#
#o.######
#lo$.....
#@.######
.........#
########)#
.# .# .#
##


You could see a troll, Menkaure, an orc priest, 2 orcs and a leopard gecko.

Vanquished Creatures
  A bullfrog (D:3)
  5 adders
  An ooze (D:2)
  2 worms (D:2)
  A dart slug (D:3)
  2 leopard geckos (D:3)
  6 orcs
  A giant cockroach (D:3)
  7 goblins
  8 hobgoblins
  A quokka (D:2)
  A ball python (D:4)
  6 bats
  4 frilled lizards
  2 kobolds (D:2)
  5 rats
  2 butterflies (D:2)
55 creatures vanquished.

Notes
Turn   | Place    | Note
-------+----------+-------------------------------------------
     0 | Abyss:1  | Descartes the Formicid Abyssal Knight began the quest for
                  | the Orb.
     0 | Abyss:1  | Reached XP level 1. HP: 18/18 MP: 2/2
    59 | Abyss:1  | Found a corrupted altar of Lugonu.
    84 | Abyss:1  | Noticed a spriggan
    86 | Abyss:1  | Noticed a wretched star
    87 | D:1      | Escaped the Abyss
   416 | D:1      | You fall into a shaft and drop 1 floor!
   565 | D:2      | Reached skill level 1 in Dodging
   611 | D:2      | Reached XP level 2. HP: 19/24 MP: 3/3
   807 | D:2      | Found a faded altar of an unknown god.
   813 | D:2      | Found a bloodstained altar of Trog.
  1013 | D:2      | Found an iron altar of Okawaru.
  1264 | D:2      | Reached XP level 3. HP: 16/30 MP: 3/5
  1517 | D:2      | Reached * piety under Lugonu
  2391 | D:3      | Reached XP level 4. HP: 37/37 MP: 6/6
  2534 | D:3      | Reached skill level 4 in Fighting
  3008 | D:3      | Learned a level 1 spell: Magic Dart
  3018 | D:3      | Found a shadowy altar of Dithmenos.
  3018 | D:3      | Noticed a bullfrog
  3035 | D:3      | Killed a bullfrog
  3036 | D:3      | Reached XP level 5. HP: 22/42 MP: 7/7
  3036 | D:3      | Reached ** piety under Lugonu
  3559 | D:3      | Found a stormy altar of Qazlal.
  3697 | D:4      | Noticed a troll
  4000 | D:4      | HP: 1/43 [orc/+0 dagger (2)]
  4000 | D:4      | Noticed Menkaure
  4001 | D:4      | Slain by a leopard gecko

Illustrated notes

Levels and vault maps discovered:
D:1:      matt_arrival_diagonals, layout_basic
D:2:      layout_basic, bloody_trog, chequers_ecumenical_altar_island,
          serial_aquarium, aquarium_bridge_long_joined
          [aquarium_subvault_bridge, aquarium_subvault_wall,
          aquarium_subvault_bridge, aquarium_subvault_bridge,
          aquarium_subvault_window, aquarium_subvault_wall],
          aquarium_bridge_straight [aquarium_subvault_bridge,
          aquarium_subvault_wall, aquarium_subvault_bridge,
          aquarium_subvault_wall], aquarium_window_fake, aquarium_window_2,
          aquarium_window_fake, aquarium_view_2a, aquarium_balcony_1a,
          serial_park_tiny_2, okawaru_trees_1
D:3:      layout_loops_ring, nicolae_qazlal_eye_of_the_storm,
          lemuel_round_altar, kennysheep_small_spiral
D:4:      layout_basic, yredelemnul_altar_generic, general_overflow_altar,
          minmay_temple_entry_stoned_glass, chequers_arboretum, uniq_menkaure

Skill      XL: |  1  2  3  4 |
---------------+-------------+-----
Dodging        | 1 2 |  2.3
Invocations    | 3 |  3.8
Armour         | 3 |  3.5
Fighting       | 4 |  4.3
Polearms       | |  2.0

Action                   |  1- 3 |  4- 6 || total
-------------------------+-------+-------++-------
Melee: Spear             |   113 |    91 ||   204
Invok: Depart the Abyss  |     1 |       ||     1
       Bend Space        |       |     2 ||     2
 Abil: Dig               |     6 |     2 ||     8
  Use: Potion            |       |     1 ||     1
 Stab: Sleeping          |     5 |     4 ||     9
Armor: Leather armour    |    21 |    15 ||    36
Dodge: Dodged            |    28 |    42 ||    70
